 Dungeon Crawl Stone Soup version 0.22.1-5-g62c59d9 (webtiles) character file.

44 Kairos the Shield-Bearer (level 3, 0/20 HPs)
             Began as a Vine Stalker Fighter on Jan 9, 2019.
             Succumbed to an adder's poison
             ... on level 2 of the Dungeon.
             The game lasted 00:01:50 (931 turns).

Kairos the Shield-Bearer (Vine Stalker Fighter)      Turns: 931, Time: 00:01:51

Health: 0/20       AC:  6    Str: 23    XL:     3   Next: 62%
Magic:  1/4        EV:  7    Int:  8    God:
Gold:   47         SH:  9    Dex: 13    Spells: 2/2 levels left

rFire    . . .     SeeInvis .   a - +0 war axe
rCold    . . .     Gourm    .   c - +0 shield
rNeg     . . .     Faith    .   b - +0 scale mail
rPois    .         Spirit   +   (no helmet)
rElec    .         Reflect  .   (no cloak)
rCorr    .         Harm     .   (no gloves)
MR       .....                  (no boots)
Stlth    ..........             (no amulet)
HPRegen  0.06/turn              g - +4 ring of strength
MPRegen  0.09/turn              (no ring)

@: lethally poisoned (0 -> -7)
A: fangs 2, magic shield, antimagic bite, no potion heal 3, rot immunity
a: no special abilities


You were on level 2 of the Dungeon.
You were not hungry.

You visited 1 branch of the dungeon, and saw 2 of its levels.

You collected 47 gold pieces.

Inventory:

Hand Weapons
 a - a +0 war axe (weapon)
Armour
 b - a +0 scale mail (worn)
 c - a +0 shield (worn)
Jewellery
 g - a +4 ring of strength (left hand)
Scrolls
 e - a scroll of teleportation {unknown}
 h - a scroll of noise {unknown}
 i - a scroll of fear {unknown}
 k - 3 scrolls of enchant armour {unknown}
Potions
 d - a potion of might
 l - a potion of brilliance {unknown}
 m - a potion of ambrosia {unknown}
 n - a potion of mutation {unknown}
Comestibles
 f - 5 rations


   Skills:
 + Level 3.1 Fighting
 + Level 2.3 Axes
 + Level 2.7 Armour
 + Level 0.2 Dodging
 + Level 3.1 Shields


You had 2 spell levels left.
You didn't know any spells.
Your spell library was empty.

Dungeon Overview and Level Annotations

Branches:
Dungeon (2/15)

Altars:


Innate Abilities, Weirdness & Mutations

You have extremely sharp teeth.
When hurt, damage is shared between your health and your magic reserves.
Your bite disrupts and absorbs the magic of your enemies.
Potions cannot restore your health.
You are immune to rotting.


Message History

The rat barely misses you. The adder bites you but does no damage.
The rat bites you but does no damage. You block the hobgoblin's attack.
The adder bites you but does no damage.
You miss the adder. You bite the adder, but do no damage.
You barely miss the rat. You closely miss the hobgoblin.
The rat bites you but does no damage. The adder bites you.
* * * LOW HITPOINT WARNING * * *
You are lethally poisoned!
The adder poisons you! You block the hobgoblin's attack.
The rat bites you but does no damage. The adder bites you.
* * * LOW HITPOINT WARNING * * *
You miss the adder. You hit the rat.
You kill the rat!
You closely miss the hobgoblin.
* * * LOW HITPOINT WARNING * * *
You feel sick. You block the hobgoblin's attack. The adder barely misses you.
The hobgoblin hits you but does no damage.
You closely miss the adder. Your bite misses the adder.
You closely miss the hobgoblin.
You die...

. .. #### .# #
#.. r.
##.#.###.# .#
.........##..#
#..†@S.)..#
###g....#.#
...(.......#
####.....###
##...## ##.##
#.# #.#


You could see an adder and a hobgoblin.

Vanquished Creatures
  A gnoll (D:1)
  A dart slug (D:1)
  2 leopard geckos (D:1)
  A giant cockroach (D:1)
  3 goblins
  4 hobgoblins (D:1)
  3 jackals (D:1)
  2 ball pythons (D:1)
  3 bats
  4 frilled lizards (D:1)
  3 kobolds (D:1)
  3 rats
30 creatures vanquished.

Notes
Turn   | Place    | Note
-------+----------+-------------------------------------------
     0 | D:1      | Kairos the Vine Stalker Fighter began the quest for the
                  | Orb.
     0 | D:1      | Reached XP level 1. HP: 11/11 MP: 2/2
    41 | D:1      | Reached XP level 2. HP: 16/16 MP: 3/3
   266 | D:1      | Reached XP level 3. HP: 19/20 MP: 4/4
   930 | D:2      | HP: 1/20 [poisoned by an adder]
   931 | D:2      | Succumbed to an adder's poison

Skill      XL: |  1  2 |
---------------+-------+-----
Shields        | 3 |  3.1
Fighting       | 3 |  3.1
Axes           | 2 |  2.3
Armour         | |  2.7
Dodging        | |  0.2

Action                   || total
-------------------------++-------
Melee: War axe           ||    86
       Bite              ||    19
  Use: Potion            ||     1
Armor: Scale mail        ||    54
Dodge: Dodged            ||    32
Block: Shield            ||    47
